 Dungeon Crawl Stone Soup version 0.26.1-11-gd32895ea62 (webtiles) character file.

Game seed: 5383278907390818812

104 Zeld the Slasher (level 5, -3/38 HPs)
             Began as a Human Gladiator on June 5, 2021.
             Killed by divine providence
             ... invoked by an orc priest
              (8 damage)
             ... on level 3 of the Dungeon.
             The game lasted 00:01:53 (2684 turns).

Zeld the Slasher (Human Gladiator)                  Turns: 2684, Time: 00:01:53

Health: -3/38      AC:  7    Str: 15    XL:     5   Next: 7%
Magic:  5/5        EV: 13    Int:  8    God:
Gold:   122        SH:  0    Dex: 15    Spells: 4/4 levels left

rFire    . . .     SeeInvis .   a - +0 long sword
rCold    . . .     Faith    .   (no shield)
rNeg     . . .     Spirit   .   b - +0 leather armour
rPois    .         Reflect  .   c - +0 helmet
rElec    .         Harm     .   (no cloak)
rCorr    .         Rampage  .   m - +1 pair of gloves
Will     .....                  f - +0 pair of boots
Stlth    +.........             (no amulet)
HPRegen  0.12/turn              (no ring)
MPRegen  0.09/turn              (no ring)

@: no status effects
A: no striking features
a: no special abilities


You were on level 3 of the Dungeon.
You visited 1 branch of the dungeon, and saw 3 of its levels.

You collected 122 gold pieces.

Inventory:

Hand Weapons
 a - a +0 long sword (weapon)
Missiles
 d - 3 throwing nets
 e - 23 poisoned darts (quivered)
Armour
 b - a +0 leather armour (worn)
 c - a +0 helmet (worn)
 f - a +0 pair of boots (worn)
 m - a +1 pair of gloves (worn)
Jewellery
 n - a +6 ring of intelligence {unknown}
Scrolls
 j - a scroll of teleportation {unknown}
 k - 3 scrolls of remove curse {unknown}
 o - a scroll of fog {unknown}
Potions
 g - 2 potions of might {unknown}
 h - 2 potions of attraction {unknown}
 i - a potion of resistance {unknown}
 l - a potion of haste {unknown}


   Skills:
 - Level 2.0 Fighting
 * Level 5.3 Long Blades
 - Level 2.0 Throwing
 - Level 3.0 Dodging


You had 4 spell levels left.
You didn't know any spells.
Your spell library was empty.

Dungeon Overview and Level Annotations

Branches:
Dungeon (3/15)

Altars:


Message History

The orc hits you with a +0 mace.
The orc priest calls down the wrath of Beogh upon you.
Beogh smites you!
You are too injured to fight recklessly!
The orc closely misses you.
The orc priest mumbles some strange prayers to Beogh against you.
Pain shoots through your body!
You are too injured to fight recklessly!
You barely miss the orc priest.
The orc priest is lightly wounded.
The orc hits you with a +0 mace.
The orc priest invokes the aid of Beogh against you.
Pain shoots through your body!
* * * LOW HITPOINT WARNING * * *
You are too injured to fight recklessly!
You closely miss the orc. The orc barely misses you.
The orc priest suddenly cheers, as Orcs often do.
The orc priest invokes the aid of Beogh against you.
Beogh smites you!
You die...

#.......)..###..# #.#
#...............# #.#
#..#..#####.###....#.#
#..... #.## . ####.###
#..# # .......#
##.##.# #.....#
#####..#.# #.....#
#........# #(....#
#..@...>.#
#.$$..####.o......#
###.......##.......>#
#.....)....o........#
#.##+#######........#
#.)......# #........#
#........# #........#


You could see an orc priest and an orc.

Vanquished Creatures
  4 adders
  An ooze (D:1)
  2 dart slugs (D:1)
  2 orcs (D:3)
  2 ball pythons
  7 bats
  3 giant cockroaches (D:1)
  9 hobgoblins
  2 jackals (D:1)
  5 frilled lizards
  7 goblins
  8 kobolds
  4 rats
56 creatures vanquished.

Notes
Turn   | Place    | Note
-------+----------+-------------------------------------------
     0 | D:1      | Zeld the Human Gladiator began the quest for the Orb.
     0 | D:1      | Reached XP level 1. HP: 16/16 MP: 1/1
   218 | D:1      | Reached XP level 2. HP: 22/22 MP: 2/2
   438 | D:1      | Reached skill level 4 in Long Blades
   438 | D:1      | Reached XP level 3. HP: 27/27 MP: 3/3
  1408 | D:2      | Reached XP level 4. HP: 31/31 MP: 4/4
  1448 | D:2      | Found a faded altar of an unknown god.
  2031 | D:2      | Reached skill level 5 in Long Blades
  2521 | D:3      | Reached XP level 5. HP: 26/38 MP: 5/5
  2684 | D:3      | Killed from afar by an orc priest

Illustrated notes

Levels and vault maps discovered:
D:1:      wander_arrival_peaceful_grave, layout_basic
D:2:      layout_loops_corners, chequers_ecumenical_altar_island
D:3:      layout_basic, nicolae_ru_path_of_blood, serial_aquarium,
          aquarium_bridge_square [aquarium_subvault_bridge,
          aquarium_subvault_bridge, aquarium_subvault_window,
          aquarium_subvault_wall], aquarium_window_1, aquarium_window_1,
          aquarium_window_fake, aquarium_view_2a, aquarium_view_2a,
          aquarium_pool_split, minivault_25, minmay_joined_circles

Skill      XL: |  1  2  3  4 |
---------------+-------------+-----
Long Blades    | 4 5 |  5.3
Fighting       | |  2.0
Throwing       | |  2.0
Dodging        | |  3.0

Action                   |  1- 3 |  4- 6 || total
-------------------------+-------+-------++-------
Melee: Long sword        |    94 |    64 ||   158
 Stab: Sleeping          |     2 |     1 ||     3
Armor: Leather armour    |    42 |    20 ||    62
Dodge: Dodged            |    80 |    42 ||   122
       Rpst.: Long sword |    30 |    12 ||    42
